 Dungeon Crawl Stone Soup version 0.27-a0-1548-gf8a67e7463 (webtiles) character file.

Game seed: 9917090708377694927

198 tilp the Caller (level 5, -1/41 HPs)
             Began as a Barachi Summoner on July 13, 2021.
             Killed from afar by a steam dragon (18 damage)
             ... with a ball of steam
             ... on level 4 of the Dungeon.
             The game lasted 00:06:31 (5255 turns).

tilp the Caller (Barachi Summoner)                  Turns: 5255, Time: 00:06:32

Health: -1/41      AC:  5    Str: 10    XL:     5   Next: 76%
Magic:  9/9        EV: 11    Int: 15    God:
Gold:   119        SH:  0    Dex: 13    Spells: 4/10 levels left

rFire    . . .     SeeInvis +   a - +0 flail (vorpal)
rCold    . . .     Faith    .   (no shield)
rNeg     . . .     Spirit   .   b - +0 ring mail
rPois    +         Reflect  .   (no helmet)
rElec    .         Harm     .   (no cloak)
rCorr    .         Rampage  .   (no gloves)
Will     .....                  (no boots)
Stlth    +.........             (no amulet)
HPRegen  0.13/turn              e - ring of Compulsion {rPois SInv}
MPRegen  0.11/turn              (no ring)

@: unable to hop, very slightly contaminated, slow
A: amphibious, slowness 1, strong legs 1, +LOS
a: Hop


You were on level 4 of the Dungeon.
You visited 1 branch of the dungeon, and saw 4 of its levels.

You collected 119 gold pieces.

Inventory:

Hand Weapons
 a - a +0 vorpal flail (weapon)
Missiles
 d - 4 boomerangs (quivered)
Armour
 b - a +0 ring mail (worn)
Jewellery
 e - the ring of Compulsion (left hand) {rPois SInv}
   (You acquired it on level 3 of the Dungeon)

   [ring of see invisible]

   rPois:     It protects you from poison.
   SInv:      It lets you see invisible.
 l - a ring of positive energy
Scrolls
 h - 2 scrolls of teleportation
 i - 2 scrolls of amnesia
Potions
 c - a potion of magic
 f - a potion of heal wounds
 j - a potion of berserk rage {unknown}
 k - a potion of might {unknown}
 m - 2 potions of haste {unknown}
 n - a potion of lignification {unknown}


   Skills:
 + Level 3.1 Fighting
 + Level 3.1 Dodging
 + Level 2.7 Stealth
 - Level 3.0 Spellcasting
 - Level 6.0 Summonings


You had 4 spell levels left.
You knew the following spells:

 Your Spells              Type           Power      Damage    Failure   Level
a - Summon Small Mammal   Summ           80%        N/A       4%          1
b - Call Imp              Summ           20%        N/A       7%          2
c - Call Canine Familiar  Summ           20%        N/A       13%         3

Your spell library contained the following spells:

 Spells                   Type           Power      Damage    Failure   Level
 Summon Guardian Golem    Hex/Summ       11%        N/A       41%         3
 Freeze                   Ice            8%         1d3       45%         1
 Frozen Ramparts          Ice            4%         1d2       83%         3
 Summon Lightning Spire   Summ/Air       11%        N/A       83%         4
 Hailstorm                Conj/Ice       2%         3d3       99%         4


Dungeon Overview and Level Annotations

Branches:
Dungeon (4/15)
 Temple: D:4-7

Altars:
Elyvilon
Hepliaklqana

Annotations:
D:3 2 transporters, Sassenached's ghost, novice GnWn


Innate Abilities, Weirdness & Mutations

You are amphibious.
You cover ground slowly.
You can hop short distances.
You have an extended range of vision and can be seen from far away.


Message History

The steam dragon breathes steam at you. The ball of steam hits you!!
Ouch! That really hurt!
You hear a shout!
You are very lightly contaminated with residual magic.
Unknown command.
Hop to where?
Press: ? - help, Dir - move target
Okay, then.
You are engulfed in a cloud of scalding steam.
* * * LOW HITPOINT WARNING * * *
Don't expect to remain undetected while in the water. 2 orcs come into view.
The orc shouts! x2; You hear a shout!
An orc comes into view. It is wielding a +0 whip.
An orc comes into view. It is wielding a +0 club.
The orc shouts!
You hit the orc.
The orc is almost dead.
The orc hits you with a +0 club.
* * * LOW HITPOINT WARNING * * *
The steam dragon breathes steam at you. The ball of steam misses you.
The ball of steam hits the orc!!
The orc dies!
The orc hits you with a +0 club.
* * * LOW HITPOINT WARNING * * *
An orc priest comes into view. It is wielding a +0 falchion.
You flicker for a moment.
The orc is engulfed in a cloud of scalding steam.
The orc dies!
The orc is engulfed in a cloud of scalding steam. x2
You flicker back into view.
The steam dragon breathes steam at you. The ball of steam misses you.
Hop to where?
Press: ? - help, Dir - move target Boing!
The steam dragon breathes steam at you. The ball of steam hits you!!
You die...

#### #.#### ....D######## #.#
............# #.# ###########.#
###†# #.## ######## #...# #..#
#......# #.### ## ##.###....†.#
#.# #.
##########.§##......####.#####.
..........D.§§@................
##.##.§............###.#####.
#..#.###≈###......# #.# #.
#...#.#≈#.#......# #.#####.
#o###.#≈#.###....# #.......
#.....#≈#........# #######.
#.###.#≈#.###..#.# #.
#...#.#≈#.# ?..#.# #.
###.###≈###.####.# #.


There were no monsters in sight!

Vanquished Creatures
  A scorpion (D:4)
  Terence (D:3)
  A hound skeleton (D:3)
  A howler monkey zombie (D:3)
  An adder (D:2)
  An ufetubus (D:4)
  2 worms (D:2)
  3 dart slugs
  An orc (D:4)
  7 ball pythons
  2 endoplasms (D:2)
  A giant cockroach (D:2)
  3 hobgoblins
  3 jackals (D:4)
  3 kobolds
  3 quokkas
  2 bats
  4 frilled lizards
  3 goblins (D:1)
  2 rats
45 creatures vanquished.

Vanquished Creatures (collateral kills)
  A jelly (D:4)
  An iguana (D:3)
  An adder (D:2)
  2 dart slugs (D:1)
  An endoplasm (D:3)
  A giant cockroach (D:4)
  A goblin (D:1)
  2 hobgoblins
  A jackal (D:4)
  A kobold (D:1)
  2 bats (D:2)
14 creatures vanquished.

Vanquished Creatures (others)
  3 orcs (D:4)
  A kobold (D:4)
4 creatures vanquished.

Grand Total: 63 creatures vanquished

Notes
Turn   | Place    | Note
-------+----------+-------------------------------------------
     0 | D:1      | tilp the Barachi Summoner began the quest for the Orb.
     0 | D:1      | Reached XP level 1. HP: 13/13 MP: 3/3
   225 | D:1      | Reached skill level 1 in Fighting
   665 | D:1      | Found a faded altar of an unknown god.
   727 | D:1      | Reached XP level 2. HP: 11/22 MP: 0/5
   734 | D:1      | Learned a level 2 spell: Call Imp
  1197 | D:1      | Reached skill level 5 in Summonings
  1729 | D:2      | Reached XP level 3. HP: 23/27 MP: 0/6
  1841 | D:2      | Found a hazy altar of Hepliaklqana.
  2643 | D:2      | Learned a level 3 spell: Call Canine Familiar
  2655 | D:3      | Found a transporter.
  2670 | D:3      | Reached XP level 4. HP: 28/33 MP: 1/8
  2726 | D:3      | Noticed Sassenached's ghost (novice GnWn)
  2738 | D:3      | Found a transporter.
  2869 | D:3      | Noticed Terence
  2876 | D:3      | Killed Terence
  2877 | D:3      | Reached skill level 6 in Summonings
  4059 | D:3      | Reached XP level 5. HP: 39/39 MP: 9/9
  4179 | D:3      | Identified a scroll of acquirement
  4179 | D:3      | Acquired the ring of Compulsion {rPois SInv}
  4234 | D:4      | HP: 2/40 [poisoned by a scorpion]
  4790 | D:4      | Found a white marble altar of Elyvilon.
  5218 | D:4      | Noticed a steam dragon
  5255 | D:4      | Killed from afar by a steam dragon

Illustrated notes

Levels and vault maps discovered:
D:1:      dpeg_arrival_simpleton_a, layout_loops_cross,
          hellmonk_ecumenical_altar_crossroads
D:2:      layout_loops_ring, basic_altar
D:3:      layout_loops_corners, gammafunk_ghost_stat_death,
          minmay_misc_feat_enclosed, uniq_terence
D:4:      layout_basic, nicolae_elyvilon_temple_path, grunt_decor_cap

Skill      XL: |  1  2  3  4  5 |
---------------+----------------+-----
Fighting       | 1 2 3 |  3.1
Summonings     | 5 6 |  6.0
Spellcasting   | 3 |  3.0
Stealth        | 2 |  2.7
Dodging        | 3 |  3.1

Action                   |  1- 3 |  4- 6 || total
-------------------------+-------+-------++-------
Melee: Unarmed           |    11 |       ||    11
       Short sword       |    72 |    26 ||    98
       Flail             |       |    48 ||    48
Throw: Boomerang         |       |     1 ||     1
 Cast: Summon Small Mamm |    18 |       ||    18
       Call Imp          |    26 |    10 ||    36
       Call Canine Famil |     1 |     4 ||     5
 Abil: Hop               |     1 |     1 ||     2
  Use: Scroll            |     5 |     2 ||     7
       Potion            |       |     1 ||     1
 Stab: Sleeping          |     1 |       ||     1
       Distracted        |       |     1 ||     1
Armor: Ring mail         |    28 |    41 ||    69
Dodge: Dodged            |    44 |    59 ||   103

Table legend: (Time is in decaauts)
 A = Elapsed time spent in this place.
 B = Non-inter-level travel time spent in this place.
 C = Inter-level travel time spent in this place.
 D = Time resting spent in this place.
 E = Time spent auto-exploring this place.
 F = Levels seen in this place.
 G = Mean time per level.
                   A        B        C        D        E       F      G
               +--------+--------+--------+--------+--------+-----+--------+
         Total |   5706 |   5629 |     77 |   1617 |   3396 |   4 | 1426.5 |
       Dungeon |   5706 |   5629 |     77 |   1617 |   3396 |   4 | 1426.5 |
               +--------+--------+--------+--------+--------+-----+--------+

Top non-repeatable levels by time:
     D:3: 2133 daAuts
     D:1: 1832 daAuts
     D:2: 1026 daAuts
     D:4: 713 daAuts
